 Dungeon Crawl Stone Soup version 0.20.1-1-g8b1a95d (webtiles) character file.

4221 Mesmaeker13 the Cudgeler (level 10, 0/73 HPs)
             Began as a Grey Draconian Skald on Sept 1, 2017.
             Was an Initiate of Ashenzari.
             Slain by a crocodile (6 damage)
             ... on level 9 of the Dungeon.
             The game lasted 00:25:29 (11552 turns).

Mesmaeker13 the Cudgeler (Grey Draconian Skald)    Turns: 11552, Time: 00:25:29

Health: 0/73       AC: 17    Str: 15    XL:     10   Next: 9%
Magic:  9/13       EV: 15    Int: 16    God:    Ashenzari [......]
Gold:   454        SH:  0    Dex: 10    Spells: 1/13 levels left

rFire    + . .     SeeInvis .   x - +0 flail (crush)
rCold    + + .     Gourm    .   (no shield)
rNeg     . . .     Faith    .   (armour unavailable)
rPois    .         Spirit   .   (helmet restricted)
rElec    .         Reflect  .   n - scarf {rC+ rF+} (curse)
rCorr    .         Harm     .   k - +2 pair of gloves (curse)
MR       .....                  (no boots)
Stlth    ++........             (no amulet)
Regen    0.3/turn               h - ring of stealth
MPRegen  0.2/turn               C - +1 ring of protection

@: infused
A: walk through water, unfitting armour, cold resistance 1, shaggy fur 1,
unbreathing, cold-blooded, AC +12
a: Curse Item, Renounce Religion


You were on level 9 of the Dungeon.
You worshipped Ashenzari.
Ashenzari was noncommittal.
You were not hungry.

You visited 2 branches of the dungeon, and saw 10 of its levels.

You collected 454 gold pieces.

Inventory:

Hand Weapons
 v - a +0 blowgun
 x - a +0 flail of crushing (weapon)
 F - a +2 spear of venom
Missiles
 w - 20 poisoned needles
Armour
 k - a cursed +2 pair of gloves (worn)
 n - a cursed scarf of resistance (worn)
 L - a +0 cloak
Jewellery
 h - a ring of stealth (left hand)
 C - a +1 ring of protection (right hand)
Wands
 I - a wand of acid (8/15)
 J - a wand of acid (6/15)
 M - a wand of digging (16/24)
Scrolls
 g - 4 scrolls of teleportation
 i - 6 scrolls of remove curse
 m - 3 scrolls of recharging
 p - a scroll of immolation
 u - a scroll of noise {unknown}
 y - 2 scrolls of amnesia
 B - a scroll of enchant weapon
 G - a scroll of fog {unknown}
Potions
 d - a potion of ambrosia {unknown}
 f - 4 potions of might {unknown}
 l - a potion of heal wounds
 o - a potion of invisibility
 q - 2 potions of flight {unknown}
 r - a potion of magic {unknown}
 t - a potion of curing
 z - 2 potions of mutation
 A - a potion of resistance {unknown}
 E - a potion of cancellation {unknown}
Books
 a - a book of Geomancy

   Spells                             Type                      Level
   a - Sandblast                      Earth                        1
   b - Passwall                       Transmutation/Earth          2
   c - Stone Arrow                    Conjuration/Earth            3
   d - Petrify                        Transmutation/Earth          4
   e - Lee's Rapid Deconstruction     Earth                        5
 b - a book of Battle

   Spells                             Type                      Level
   a - Infusion                       Charms                       1
   b - Shroud of Golubria             Charms/Translocation         2
   c - Song of Slaying                Charms                       2
   d - Spectral Weapon                Hexes/Charms                 3
   e - Regeneration                   Charms/Necromancy            3
 e - a book of Cantrips

   Spells                             Type                      Level
   a - Confusing Touch                Hexes                        1
   b - Animate Skeleton               Necromancy                   1
   c - Summon Small Mammal            Summoning                    1
   d - Apportation                    Translocation                1
 K - a book of Power

   Spells                             Type                      Level
   a - Iskenderun's Battlesphere      Conjuration/Charms           5
   b - Venom Bolt                     Conjuration/Poison           5
   c - Bolt of Magma                  Conjuration/Fire/Earth       5
   d - Iron Shot                      Conjuration/Earth            6
   e - Orb of Destruction             Conjuration                  7
   f - Spellforged Servitor           Conjuration/Summoning        7
Comestibles
 c - 4 bread rations
 j - 2 meat rations
 s - 4 royal jellies
 D - 3 fruits


   Skills:
 - Level 2.1 Fighting
 + Level 7.8 Maces & Flails
 + Level 6.9 Dodging
 - Level 2.0 Spellcasting
 - Level 5.0 Hexes
 + Level 7.2 Charms
 + Level 2.7 Necromancy
 - Level 3.0 Translocations
 + Level 0.5 Earth Magic


You had one spell level left.
You knew the following spells:

 Your Spells              Type           Power        Failure   Level  Hunger
a - Infusion              Chrm           ###.         1%          1    #......
b - Shroud of Golubria    Chrm/Tloc      ###.......   3%          2    ###....
c - Regeneration          Chrm/Necr      ###.......   9%          3    ###....
d - Spectral Weapon       Hex/Chrm       ###.....     4%          3    ###....
e - Stone Arrow           Conj/Erth      #.....       50%         3    ###....


Dungeon Overview and Level Annotations

Branches:
Dungeon (9/15)             Temple (1/1) D:7            Lair (0/6) D:9
    Orc: D:9-12

Altars:
Ashenzari
Dithmenos
Elyvilon
Fedhas
Gozag
Hepliaklqana
Kikubaaqudgha
Makhleb
Nemelex Xobeh
Okawaru
Qazlal
Ru
Sif Muna
Trog
Uskayaw
Vehumet
Xom
Yredelemnul
Zin
The Shining One

Annotations:
D:8 Thaneod's ghost, novice MiBe


Innate Abilities, Weirdness & Mutations

You can walk through water.
Your dull iron-grey scales are very hard. (AC +12)
You cannot fit into any form of body armour.
You can survive without breathing.
You are cold-blooded and may be slowed by cold attacks.
Your flesh is cold resistant. (rC+)
You are covered in fur. (AC +1)


Message History

Confirm with . or Enter, or press ? or * to list all spells.
You begin infusing your attacks with magical energy.
The crocodile bites you!
Your shroud falls apart!
You barely miss the crocodile. The crocodile bites you!
You hit the crocodile but do no damage. The crocodile completely misses you.
You hit the crocodile!
The crocodile is moderately wounded.
The crocodile bites you!
You sock the crocodile!
The crocodile is severely wounded.
The crocodile closely misses you.
You closely miss the crocodile.
The crocodile is severely wounded.
The crocodile bites you!!
* * * LOW HITPOINT WARNING * * *
You hit the crocodile.
The crocodile is severely wounded.
The crocodile bites you.
You die...

.## #.# ## .P..PPP..
..####.####.##.....PPP.
#...#...##...#.....P.Ph #.
#.#...........##.P..PZP
#.###.#.#....รท..........t.r
#...>.#.##.##.....######s.P
#..............## ####
.......##.##t####.## #.#####
#.##@# ## #.##.#
.t......##.# ##########.#
#.# #.# #.# #######
#######.###.....# #####
..............#.###...#


You could see a crocodile.

Vanquished Creatures
  A troll (D:9)
  A hippogriff (D:7)
  A shadow (D:7)
  A yak (D:8)
  A hungry ghost (D:9)
  An orc warrior (D:7)
  A porcupine (D:9)
  4 ice beasts
  2 sky beasts
  A phantom (D:8)
  An eye of draining (D:9)
  2 black bears
  2 necrophages
  2 ogres (D:7)
  3 centaurs
  4 bullfrogs
  A gnoll sergeant (D:7)
  A scorpion (D:6)
  A water moccasin skeleton (D:4)
  2 howler monkeys
  4 crimson imps
  2 bullfrog zombies (D:9)
  3 orc priests
  4 hounds
  4 bullfrog skeletons
  A jelly (D:9)
  4 orc wizards
  A centaur skeleton (D:6)
  8 worker ants
  An iguana (D:7)
  Robin (D:2)
  7 gnolls
  11 adders
  3 shadow imps
  An ooze (D:5)
  An adder zombie (D:7)
  7 worms
  2 dart slugs (D:1)
  5 leopard geckos
  22 orcs
  6 giant cockroaches
  8 goblins
  12 hobgoblins
  10 jackals
  8 kobolds
  A quokka (D:3)
  A ball python (D:7)
  7 bats
  5 frilled lizards
  A jackal skeleton (D:7)
  2 quokka skeletons
  9 rats
195 creatures vanquished.

Vanquished Creatures (others)
  A worker ant (D:7)
  35 fungi (D:9)
  11 plants (D:9)
  A spectral weapon (D:9)
48 creatures vanquished.

Grand Total: 243 creatures vanquished

Notes
Turn   | Place    | Note
-------+----------+-------------------------------------------
     0 | D:1      | Mesmaeker13 the Draconian Skald began the quest for the Orb.
     0 | D:1      | Reached XP level 1. HP: 17/17 MP: 3/3
   269 | D:1      | Reached XP level 2. HP: 20/24 MP: 5/5
   558 | D:1      | Reached XP level 3. HP: 21/29 MP: 6/6
   839 | D:1      | Learned a level 2 spell: Shroud of Golubria
  2100 | D:2      | Reached skill level 1 in Translocations
  2100 | D:2      | Reached XP level 4. HP: 34/36 MP: 1/7
  3109 | D:2      | Noticed Robin
  3133 | D:2      | Killed Robin
  3296 | D:2      | Learned a level 3 spell: Regeneration
  3673 | D:3      | Reached XP level 5. HP: 41/41 MP: 0/8
  3838 | D:3      | Found a bloodstained altar of Trog.
  3949 | D:3      | Gained mutation: You are agile. (Dex +2) [potion of mutation]
  3949 | D:3      | Gained mutation: You are covered in fur. (AC +1) [potion of mutation]
  3949 | D:3      | Lost mutation: You are agile. (Dex +2) [potion of mutation]
  3949 | D:3      | Gained mutation: Your flesh is cold resistant. (rC+) [potion of mutation]
  4354 | D:4      | Found a hazy altar of Hepliaklqana.
  4869 | D:4      | Found a sparkling altar of Nemelex Xobeh.
  4913 | D:4      | Reached XP level 6. HP: 48/48 MP: 9/9
  5261 | D:5      | Entered Level 5 of the Dungeon
  5261 | D:5      | Found a basalt altar of Yredelemnul.
  5285 | D:5      | Noticed an ice beast
  5305 | D:5      | Killed an ice beast
  5358 | D:5      | Learned a level 3 spell: Spectral Weapon
  5520 | D:5      | Your scales start taking on a dull iron-grey colour.
  5520 | D:5      | Reached XP level 7. HP: 55/55 MP: 7/10
  5520 | D:5      | Gained mutation: You can survive without breathing. [Grey Draconian growth]
  5644 | D:5      | Found a sacrificial altar of Ru.
  5988 | D:6      | Reached skill level 1 in Hexes
  6334 | D:6      | Reached skill level 5 in Maces & Flails
  6351 | D:6      | Reached skill level 5 in Charms
  6351 | D:6      | Reached XP level 8. HP: 54/61 MP: 11/11
  6827 | D:7      | Reached skill level 5 in Dodging
  7022 | D:7      | Found a glowing golden altar of the Shining One.
  8234 | D:7      | Found a staircase to the Ecumenical Temple.
  8245 | Temple   | Entered the Ecumenical Temple
  8333 | Temple   | Became a worshipper of Ashenzari the Shackled
  8359 | D:7      | Got the cursed helmet "Istoej" {rF+ Str+3}
  8363 | D:7      | Noticed a hippogriff
  8374 | D:7      | Killed a hippogriff
  8747 | D:7      | Reached XP level 9. HP: 64/67 MP: 7/12
  9545 | D:7      | Found a shimmering altar of Xom.
  9555 | D:7      | Found a radiant altar of Vehumet.
  9631 | D:8      | Noticed Thaneod's ghost (novice MiBe)
  9928 | D:8      | Reached skill level 5 in Hexes
 10403 | D:9      | Reached skill level 1 in Necromancy
 10682 | D:9      | Found a deep blue altar of Sif Muna.
 10945 | D:9      | Noticed a troll
 11201 | D:9      | Killed a troll
 11201 | D:9      | Reached XP level 10. HP: 73/73 MP: 5/13
 11323 | D:9      | Learned a level 3 spell: Stone Arrow
 11375 | D:9      | Found a staircase to the Lair.
 11477 | D:9      | Paralysed by fainting for 7 turns
 11552 | D:9      | Slain by a crocodile

Skill      XL: |  1  2  3  4  5  6  7  8  9 |
---------------+----------------------------+-----
Charms         | 3 4 5 6 7 |  7.2
Translocations | 1 2 3 |  3.0
Maces & Flails | 3 4 5 6 7 |  7.8
Dodging        | 3 4 5 6 |  6.9
Hexes          | 2 4 5 |  5.0
Necromancy     | 2 |  2.7
Fighting       | |  2.1
Spellcasting   | |  2.0
Earth Magic    | |  0.5

Action                   |  1- 3 |  4- 6 |  7- 9 | 10-12 || total
-------------------------+-------+-------+-------+-------++-------
Melee: Mace              |   123 |    74 |       |       ||   197
       Tailslap          |    10 |    15 |    46 |       ||    71
       Flail             |       |   134 |   444 |    63 ||   641
       Spear             |       |       |    48 |       ||    48
 Fire: Blowgun           |       |       |     4 |       ||     4
 Cast: Infusion          |     8 |    16 |    37 |     4 ||    65
       Shroud of Golubri |     3 |    15 |    36 |     4 ||    58
       Regeneration      |       |       |     2 |       ||     2
       Spectral Weapon   |       |       |     4 |       ||     4
Invok: Curse Item        |       |       |     2 |       ||     2
Evoke: Wand              |       |       |     2 |       ||     2
  Use: Scroll            |     4 |     3 |     5 |     1 ||    13
       Potion            |       |     2 |     2 |     2 ||     6
 Stab: Sleeping          |     9 |     7 |     1 |       ||    17
  Eat: Chunk             |     3 |     9 |    13 |     6 ||    31
       Bread ration      |       |     1 |     1 |       ||     2
       Fruit             |       |       |     7 |       ||     7
       Meat ration       |       |       |       |     1 ||     1
Armor: Skin              |    42 |    85 |   207 |    36 ||   370
Dodge: Dodged            |    91 |   152 |   320 |    54 ||   617
